 Dungeon Crawl Stone Soup version 0.18-a0-1164-g7046a04 (console) character file.

152960 FoCheiMinh the Severer (level 18, -4/143 HPs)
             Began as a Formicid Fighter on Jan 25, 2016.
             Was the Champion of Cheibriados.
             Slain by an emperor scorpion (27 damage)
             ... on level 4 of the Spider Nest on Jan 26, 2016.
             The game lasted 02:52:26 (32282 turns).

FoCheiMinh the Severer (Formicid Fighter)          Turns: 32282, Time: 02:52:26

Health: -4/143     AC: 12    Str: 55    XL:     18   Next: 22%
Magic:  3/26       EV: 27    Int: 27    God:    Cheibriados [******]
Gold:   2301       SH: 17    Dex: 31    Spells: 0 memorised, 17 levels left

rFire  + . .     SeeInvis +     a - +2 battleaxe (freeze)
rCold  . . .     Gourm    .     p - +0 leather armour of Misanthropy {rPois rN+}
rNeg   + . .     Faith    .     i - +0 shield
rPois  +         Spirit   .     (helmet unavailable)
rElec  +         Dismiss  .     e - +1 cloak of Gallantry {-Tele rElec rF+ Str+6}
rCorr  +         Reflect  .     g - +0 pair of gloves {Str+3}
SustAt +         Harm     .     f - +2 pair of boots
MR     +....                    w - amulet of regeneration
Stlth  ++........               z - ring of resist corrosion
                                R - ring "Runuciuf" {SustAt Str+4 Int+3}

@: mighty, lethally poisoned (-4 -> -4), very slow, somewhat resistant to
hostile enchantments, unstealthy
A: permanent stasis, dig shafts and tunnels, four strong arms, antennae 3
a: Dig, Shaft Self, Bend Time, Temporal Distortion, Slouch, Step From Time,
Renounce Religion


You were on level 4 of the Spider Nest.
You worshipped Cheibriados.
Cheibriados was exalted by your worship.
You were not hungry.

You visited 5 branches of the dungeon, and saw 27 of its levels.
You also visited: Ice Cave.

You collected 2759 gold pieces.
You spent 458 gold pieces at shops.

Inventory:

Hand Weapons
 a - a +2 battleaxe of freezing (weapon)
 b - a +1 whip of freezing
 q - a +2 morningstar of protection
 F - a +4 war axe of freezing
Missiles
 l - 7 javelins
 L - 977 stones
 Q - 26 tomahawks (quivered)
Armour
 d - a +2 plate armour of cold resistance
 e - the +1 cloak of Gallantry (worn) {-Tele rElec rF+ Str+6}
   (You found it on level 3 of the Lair of Beasts)

   It affects your strength (+6).
   It protects you from fire.
   It insulates you from electricity.
   It prevents most forms of teleportation.
 f - a +2 pair of boots (worn)
 g - a +0 pair of gloves of strength (worn)
 i - a +0 shield (worn)
 p - the +0 leather armour of Misanthropy (worn) {rPois rN+}
   (You found it on level 6 of the Lair of Beasts)

   It protects you from poison.
   It protects you from negative energy.
 t - a +2 cloak of invisibility
 x - a +1 chain mail of fire resistance
 N - a +2 cloak of magic resistance
 P - an ice dragon hide
Jewellery
 w - an amulet of regeneration (around neck)
 z - a ring of resist corrosion (right hand)
 J - a +2 ring of evasion
 K - a +2 ring of slaying
 R - the ring "Runuciuf" (left hand) {SustAt Str+4 Int+3}
   (You found it on level 5 of the Dungeon)

   [ring of sustain attributes]

   It sustains your strength, intelligence and dexterity.
   It affects your strength (+4).
   It affects your intelligence (+3).
Wands
 r - a wand of lightning (7/15)
 v - a wand of fireball (6/15)
 y - a wand of fire (8/15)
Scrolls
 n - 7 scrolls of identify
 A - a scroll of enchant weapon
 B - 18 scrolls of remove curse
 I - 2 scrolls of magic mapping
 O - a scroll of vulnerability
 T - 4 scrolls of fog
 V - a scroll of fear
Potions
 c - 11 potions of curing
 k - a potion of invisibility
 m - 2 potions of ambrosia
 o - a potion of cancellation
 s - 5 potions of agility
 u - a potion of magic
 C - 2 potions of heal wounds
 E - 6 potions of lignification
 H - 3 potions of might
 S - a potion of mutation
 W - a potion of resistance
Miscellaneous
 h - a fan of gales
 j - a sack of spiders
Comestibles
 D - 57 fruits
 G - 17 bread rations


   Skills:
 + Level 13.2 Fighting
 + Level 18.7 Axes
 * Level 13.0 Armour
 + Level 11.9 Dodging
 - Level 10.0 Shields
 - Level 11.7 Invocations


You had 17 spell levels left.
You didn't know any spells.

Dungeon Overview and Level Annotations

Branches:
Dungeon (12/15)            Temple (1/1) D:4            Lair (8/8) D:10
  Swamp (0/4) Lair:4       Spider (4/4) Lair:6        Slime (0/6) Lair:7
    Orc (2/2) D:9             Elf (0/3) Orc:2

Altars:
Ashenzari
Cheibriados
Dithmenos
Elyvilon
Fedhas
Gozag
Kikubaaqudgha
Makhleb
Nemelex Xobeh
Okawaru
Pakellas
Qazlal
Ru
Sif Muna
Trog
Vehumet
Xom
Yredelemnul
Zin
The Shining One
Beogh

Shops:
D:8 [   D:10 !   Orc:1 *   Orc:2 }%([


Innate Abilities, Weirdness & Mutations

You are under a permanent stasis effect.
You can dig through walls and to a lower floor.
Your four strong arms can wield two-handed weapons with a shield.
You have a pair of large antennae on your head (SInv).


Message History

You kill the hornet!
Cheibriados thoroughly appreciates the change of pace.
You hit the emperor scorpion. You freeze the emperor scorpion.
The emperor scorpion is lightly wounded.
You hit the wasp. You freeze the wasp.
The wasp is heavily wounded.
You block the wasp's attack. The emperor scorpion stings you.
* * * LOW HITPOINT WARNING * * *
You block the emperor scorpion's attack.
The emperor scorpion completely misses you.
Unknown command.
You barely miss the wasp. You miss the emperor scorpion.
The emperor scorpion is lightly wounded.
You slice the wasp!! You freeze the wasp.
You kill the wasp!
Cheibriados thoroughly appreciates the change of pace.
You feel sick.
You block the emperor scorpion's attack. x3
The wasp barely misses you. The emperor scorpion stings you!!
You die...

...## *#≈≈≈≈....#≈≈##
≈.≈.###.≈≈##.....≈≈#
≈...≈##.≈≈.##≈....##
#≈...###^..###≈≈...#
##≈..≈≈##### ###..≈#
###≈..###*****##..#
##≈.≈##.,,,* ##.##
###.≈##..,,####≈.#
##≈≈.≈##...##†@..^##
##≈...≈#*,,#'.ys...≈#
##≈...≈##*,,#'..##≈.≈#
......≈##*,..#####.≈≈#
....≈..≈##...,*#≈.≈###
...##^.≈##.y,,*#≈.≈#
##.##...##+#***##.≈#
##≈≈.≈##*{* ###≈..#
##.^.≈# *,*##.≈..##


You could see an emperor scorpion (berserk) and a wasp.

Vanquished Creatures
  Rupert (Lair:7)
  An Ice Fiend (IceCv)
  An azure jelly (Spider:4)
  4 ghost moths
  Maud (Lair:7)
  6 emperor scorpions
  2 orc warlords (Orc:2)
  Nessos (Lair:7)
  6 dire elephants (Lair:8)
  3 entropy weavers
  14 hydras
  An anaconda (Lair:8)
  9 death yaks
  2 catoblepae (Lair:4)
  The ghost of daryashkoh the Archer, a novice CeMo of Elyvilon (D:12)
  7 orc high priests (Orc:2)
  2 unseen horrors
  Pikel (D:4)
  5 hill giants
  17 orb spiders
  18 wolf spiders
  A griffon (Lair:5)
  An orc knight (Orc:2)
  5 hornets
  A deep elf mage (D:12)
  2 orc sorcerers
  3 moths of wrath
  3 ugly things
  A manticore (D:11)
  4 black mambas
  9 elephants (Lair:8)
  An ice statue (IceCv)
  4 torpor snails
  17 spiny frogs
  10 komodo dragons
  10 demonic crawlers
  3 fire drakes
  8 ice devils (IceCv)
  3 anaconda simulacra (IceCv)
  4 freezing wraiths
  2 golden dragon simulacra (IceCv)
  A queen bee (Lair:1)
  A merfolk (D:9)
  31 jumping spiders
  2 two-headed ogres
  2 trolls
  Prince Ribbit (D:5)
  20 blink frogs
  2 boulder beetles
  71 redbacks
  Sigmund (D:3)
  A dire elephant simulacrum (IceCv)
  25 tarantellas
  2 wyverns
  A centaur simulacrum (D:9)
  49 yaks
  4 steam dragons
  3 basilisks
  A hungry ghost (D:11)
  9 hippogriffs
  9 wargs
  A mottled dragon (D:12)
  6 harpy simulacra (IceCv)
  4 iron troll simulacra (IceCv)
  18 water moccasins
  3 hydra simulacra (IceCv)
  11 porcupines
  19 orc warriors
  The ghost of jaredude the Skirmisher, an amateur NaBe of Trog (D:3)
  3 black bears
  6 ice beasts
  A slave (D:4)
  4 sky beasts
  An eye of draining (D:7)
  A black bear (shapeshifter) (D:10)
  A wasp (Spider:4)
  A necrophage (D:9)
  A phantom (D:4)
  9 ogres
  6 centaurs
  22 crocodiles
  3 big kobolds
  Blork the orc (D:4)
  21 giant frogs
  A gnoll sergeant (Orc:1)
  3 scorpions
  A water moccasin skeleton (D:9)
  29 killer bees
  10 wights
  2 electric eels
  2 crimson imps
  4 draconian simulacra (IceCv)
  2 quasits
  A giant frog zombie (D:10)
  9 hounds
  2 jellies
  44 orc priests
  2 gnoll shamans
  5 giant frog skeletons
  Terence (D:3)
  10 iguanas
  26 orc wizards
  10 worker ants
  4 troll simulacra (IceCv)
  A wolf simulacrum (IceCv)
  3 spriggan simulacra (IceCv)
  12 sheep
  2 hound zombies
  2 hound skeletons
  2 worker ant zombies
  22 gnolls
  64 river rats
  13 adders
  2 naga simulacra (IceCv)
  An ogre simulacrum (IceCv)
  A shadow imp (D:8)
  7 white imps (IceCv)
  5 ufetubi (IceCv)
  2 oozes
  2 worms
  6 giant geckos
  109 orcs
  3 ball pythons
  8 bats
  7 giant cockroaches
  6 goblins
  11 hobgoblins
  6 jackals
  4 quokkas
  A giant gecko skeleton (D:4)
  A giant gecko zombie (D:5)
  6 giant newts
  A jackal zombie (D:5)
  18 kobolds
  5 rats
  A spectral orc (D:6)
  16 fungi
  8 plants
1101 creatures vanquished.

Vanquished Creatures (others)
  A redback (Spider:4)
  2 slaves (D:4)
  A hound (D:5)
  An iguana (D:5)
  An orc wizard (D:4)
  An adder (D:5)
  3 orcs
  A giant cockroach (D:5)
  A jackal (D:5)
  2 bushes (Lair:8)
  36 fungi
  23 plants
73 creatures vanquished.

Grand Total: 1174 creatures vanquished

Notes
Turn   | Place    | Note
--------------------------------------------------------------
     0 | D:1      | FoCheiMinh the Formicid Fighter began the quest for the Orb.
     0 | D:1      | Reached XP level 1. HP: 18/18 MP: 1/1
   162 | D:1      | Reached XP level 2. HP: 20/24 MP: 2/2
   518 | D:1      | Reached XP level 3. HP: 29/29 MP: 3/3
   881 | D:2      | Found a stormy altar of Qazlal.
  1371 | D:2      | Reached skill level 4 in Axes
  1371 | D:2      | Reached XP level 4. HP: 30/35 MP: 4/4
  2054 | D:3      | Noticed Sigmund
  2135 | D:3      | Noticed jaredude's ghost (amateur NaBe)
  2731 | D:4      | Noticed Pikel
  2731 | D:4      | Noticed a slave
  2731 | D:4      | Noticed a slave
  2732 | D:4      | Noticed a slave
  2733 | D:4      | Noticed a slave
  2767 | D:3      | Reached skill level 5 in Axes
  2767 | D:3      | Reached XP level 5. HP: 41/41 MP: 5/5
  2855 | D:3      | Noticed Terence
  3062 | D:3      | Killed Terence
  3614 | D:4      | Noticed Blork the orc
  3633 | D:4      | Killed Blork the orc
  3633 | D:4      | Reached skill level 6 in Axes
  3633 | D:4      | Reached XP level 6. HP: 28/47 MP: 6/6
  4219 | D:4      | Found a staircase to the Ecumenical Temple.
  4225 | Temple   | Entered the Ecumenical Temple
  4832 | D:3      | Noticed a sky beast
  4852 | D:3      | Killed a sky beast
  4852 | D:3      | Reached skill level 7 in Axes
  4852 | D:3      | Reached XP level 7. HP: 23/52 MP: 7/7
  5422 | D:4      | Killed Pikel
  5422 | D:4      | Reached skill level 8 in Axes
  5422 | D:4      | Reached XP level 8. HP: 54/60 MP: 8/8
  5467 | D:4      | Reached skill level 1 in Dodging
  5942 | D:4      | Reached skill level 5 in Shields
  6085 | D:5      | Entered Level 5 of the Dungeon
  6172 | D:5      | Found a shimmering altar of Xom.
  6228 | D:5      | Got a sparkling bronze ring
  6229 | D:5      | Identified the ring "Runuciuf" {SustAt Str+4 Int+3} (You found it on level 5 of the Dungeon)
  6235 | D:5      | Noticed Prince Ribbit
  6621 | D:5      | Found an oddly glowing altar of Pakellas.
  6734 | D:5      | Found a snail-covered altar of Cheibriados.
  6740 | D:5      | Became a worshipper of Cheibriados the Contemplative
  6766 | D:5      | Reached XP level 9. HP: 25/67 MP: 9/9
  6929 | D:5      | Killed Prince Ribbit
  6929 | D:5      | Reached skill level 5 in Armour
  7088 | D:5      | Found a sparkling altar of Nemelex Xobeh.
  7176 | D:5      | Reached skill level 5 in Fighting
  7176 | D:5      | Reached skill level 9 in Axes
  7830 | D:7      | You fall through a shaft!
  8102 | D:6      | Reached skill level 1 in Invocations
  8106 | D:6      | Reached * piety under Cheibriados
  8508 | D:6      | Found a basalt altar of Yredelemnul.
  9219 | D:7      | Found a bloodstained altar of Trog.
  9365 | D:7      | Got a twisted chain mail
  9371 | D:7      | Found an iron altar of Okawaru.
  9373 | D:7      | Reached ** piety under Cheibriados
  9616 | D:7      | Found a bloodstained altar of Trog.
  9621 | D:7      | Reached XP level 10. HP: 74/74 MP: 3/11
  9666 | D:7      | Found a shimmering altar of Xom.
 10023 | D:8      | Reached skill level 10 in Axes
 10132 | D:8      | Found Jywkorar's Armour Boutique.
 10135 | D:8      | Bought a +2 pair of boots for 198 gold pieces
 10250 | D:8      | Identified the +1 chain mail "Xieso" {+Inv rC- rN+++ Int+2} (You found it on level 7 of the Dungeon)
 10295 | D:8      | Reached *** piety under Cheibriados
 10440 | D:8      | Found a sacrificial altar of Ru.
 11052 | D:9      | Reached skill level 11 in Axes
 11280 | D:9      | Found a staircase to the Orcish Mines.
 11395 | D:9      | Reached **** piety under Cheibriados
 11582 | D:9      | Reached XP level 11. HP: 82/82 MP: 14/14
 11905 | D:10     | Entered Level 10 of the Dungeon
 11905 | D:10     | Noticed an unseen horror
 11916 | D:10     | Killed an unseen horror
 11916 | D:10     | Reached skill level 5 in Invocations
 11988 | D:9      | Reached ***** piety under Cheibriados
 12144 | D:10     | Found Feujaops's Distillery.
 12167 | D:10     | Bought a potion of heal wounds for 65 gold pieces
 12167 | D:10     | Bought a potion of poison for 13 gold pieces
 12174 | D:10     | Bought a potion of agility for 52 gold pieces
 12174 | D:10     | Bought a potion of resistance for 130 gold pieces
 12476 | D:10     | Found a staircase to the Lair.
 12486 | Lair:1   | Entered Level 1 of the Lair of Beasts
 12655 | Lair:1   | Reached skill level 12 in Axes
 13352 | D:10     | Gained mutation: Your flesh is cold resistant. [potion of beneficial mutation]
 13433 | Lair:2   | Reached skill level 5 in Dodging
 13433 | Lair:2   | Reached XP level 12. HP: 91/91 MP: 16/16
 13534 | Lair:2   | Noticed a seven-headed hydra
 13552 | Lair:2   | Killed a seven-headed hydra
 13905 | Lair:2   | Reached skill level 13 in Axes
 14371 | Lair:3   | Noticed a seven-headed hydra
 14385 | Lair:3   | Killed a seven-headed hydra
 14860 | Lair:3   | Got a heavily runed cloak
 14866 | Lair:3   | Identified the +1 cloak of Gallantry {-Tele rElec rF+ Str+6} (You found it on level 3 of the Lair of Beasts)
 14898 | Lair:3   | Reached ****** piety under Cheibriados
 15354 | D:10     | Lost mutation: Your flesh is cold resistant. [potion of cure mutation]
 15407 | Lair:4   | Found a staircase to the Swamp.
 15407 | Lair:4   | Noticed a four-headed hydra
 15407 | Lair:4   | Noticed a seven-headed hydra
 15438 | Lair:4   | Reached XP level 13. HP: 97/99 MP: 18/18
 15542 | Lair:4   | Noticed a catoblepas
 15551 | Lair:4   | Killed a catoblepas
 15822 | Lair:4   | Noticed a catoblepas
 15832 | Lair:4   | Killed a catoblepas
 16034 | Lair:4   | Killed a seven-headed hydra
 16034 | Lair:4   | Reached skill level 10 in Shields
 16110 | Lair:4   | Killed a four-headed hydra
 16110 | Lair:4   | Reached skill level 14 in Axes
 17145 | Lair:6   | Noticed a seven-headed hydra
 17157 | Lair:6   | Killed a seven-headed hydra
 17255 | Lair:6   | Got a bloodstained leather armour
 17361 | Lair:6   | Noticed a six-headed hydra
 17373 | Lair:6   | Killed a six-headed hydra
 17590 | Lair:6   | Found a hole to the Spider Nest.
 18228 | Lair:7   | Noticed a five-headed hydra
 18403 | Lair:7   | Noticed Nessos
 18404 | Lair:7   | Got a twisted war axe
 18406 | Lair:7   | Killed Nessos
 18406 | Lair:7   | Reached XP level 14. HP: 83/108 MP: 14/20
 18434 | Lair:6   | Identified the cursed +0 leather armour of Misanthropy {rPois rN+} (You found it on level 6 of the Lair of Beasts)
 18434 | Lair:6   | Identified the +6 war axe "Paeloeto" {chop, +Rage +Inv Dex+4} (You found it on level 7 of the Lair of Beasts)
 18786 | Lair:7   | Noticed Rupert
 18804 | Lair:7   | Killed Rupert
 19138 | Lair:7   | Found a staircase to the Slime Pits.
 19357 | Lair:7   | Reached skill level 10 in Invocations
 19581 | Lair:7   | Reached skill level 15 in Axes
 19942 | Lair:7   | Noticed Maud
 19959 | Lair:7   | Killed Maud
 20001 | Lair:8   | Entered Level 8 of the Lair of Beasts
 20390 | Lair:8   | Reached skill level 10 in Armour
 20403 | Lair:8   | Reached skill level 10 in Fighting
 20447 | Lair:8   | Reached XP level 15. HP: 92/115 MP: 23/23
 21513 | Lair:8   | Reached skill level 16 in Axes
 22250 | D:11     | Got an ebony rapier
 23109 | D:12     | Found a basalt altar of Yredelemnul.
 23262 | D:12     | Noticed daryashkoh's ghost (novice CeMo)
 23269 | D:12     | Killed daryashkoh's ghost
 24038 | D:10     | Identified the +1 rapier "Beastslayer" {flame, +Rage Int+3} (You found it on level 11 of the Dungeon)
 24197 | D:3      | Killed Sigmund
 24418 | D:3      | Killed jaredude's ghost
 24539 | Orc:1    | Entered Level 1 of the Orcish Mines
 24673 | Orc:1    | Reached XP level 16. HP: 124/124 MP: 24/24
 24826 | Orc:1    | Found Eeusm's Eclectic Emporium.
 25017 | Orc:2    | Entered Level 2 of the Orcish Mines
 25401 | Orc:2    | Found a staircase to the Elven Halls.
 25507 | Orc:2    | Found a roughly hewn altar of Beogh.
 25535 | Orc:2    | Reached skill level 17 in Axes
 25580 | Orc:2    | Reached skill level 10 in Dodging
 25670 | Orc:2    | Found Ihoycu's Weapon Boutique.
 25670 | Orc:2    | Found Bor Ises's Armour Emporium.
 26130 | Orc:2    | Found Pelelad's Gadget Boutique.
 26130 | Orc:2    | Found Guwur's Food Emporium.
 26628 | Spider:1 | Entered Level 1 of the Spider Nest
 27020 | Spider:1 | Identified a scroll of acquirement
 28297 | Spider:3 | Reached XP level 17. HP: 126/133 MP: 25/25
 29001 | Spider:3 | Reached skill level 18 in Axes
 29262 | Spider:4 | Entered Level 4 of the Spider Nest
 29341 | Spider:4 | Found a frozen archway.
 29380 | IceCv    | Entered an ice cave
 30085 | IceCv    | Noticed an Ice Fiend
 30228 | IceCv    | Killed an Ice Fiend
 31780 | Spider:4 | Reached XP level 18. HP: 99/143 MP: 26/26
 32275 | Spider:4 | HP: 1/143 [moth of wrath (13)]
 32282 | Spider:4 | Slain by an emperor scorpion

Vault maps used:
D:1:      matt_arrival_refuge
D:2:      minmay_kobold_bridge, grunt_qazlal_sundering
D:3:      guppyfry_early_lair_pool, uniq_sigmund, uniq_terence
D:4:      minmay_temple_entry_enclosed_plants, minmay_misc_feat_encased,
          uniq_pikel, uniq_blork_the_orc
D:5:      old_standard_altar, lemuel_round_altar, nemelex_altar_shiori,
          first_bread, xom_confusion_cloud, uniq_prince_ribbit1
D:6:      yredelemnul_forgotten_temple_becter, nicolae_lava_and_water
D:7:      marbit_many_paths, trog_eyes_of_draining, old_standard_altar,
          trog_three_pillars_becter
D:8:      kennysheep_mini_moat, serial_shops, nicolae_shop_crystal
D:9:      kennysheep_steamy, serial_park_tiny_pond, hangedman_fish_farm
D:10:     minmay_twisted_water, lair_0_dummy, serial_shops,
          nicolae_shop_window_shopping
D:11:     minmay_opposing_rooms
D:12:     basic_altar
Temple:   oiseaux_autumnal_temple_12
Lair:1:   grunt_megastairs_5, infiniplex_staircase_pool_2, lemuel_fruit_tree,
          serial_bayou_shore_a
Lair:3:   beast_lair_carwin_2, grunt_megastairs_2
Lair:4:   minmay_swamp_entry_reptiles, st_stairs_12, small_statue_intersection
Lair:5:   infiniplex_staircase_pool
Lair:6:   spider_nest_entry_rubble
Lair:7:   slime_dummy, uniq_maud, uniq_rupert, uniq_nessos
Lair:8:   due_jungle_book, grunt_forest_large_clearings
Spider:1: special_room
Spider:4: spider_rune_water, portal_ice_cave_entry_frozen_things
Orc:1:    nicolae_alphabet_shops
Orc:2:    st_orc_town
IceCv:    ice_cave_caverns_01

Action                   |  1- 3 |  4- 6 |  7- 9 | 10-12 | 13-15 | 16-18 || total
-------------------------+-------+-------+-------+-------+-------+-------++-------
Melee: War axe           |    69 |   173 |   429 |   298 |       |       ||   969
       Unarmed           |       |       |       |     8 |       |       ||     8
       Battleaxe         |       |       |       |   238 |   729 |   833 ||  1800
       Whip              |       |       |       |    21 |   112 |       ||   133
Throw: Stone             |       |     1 |     1 |       |     6 |       ||     8
       Tomahawk          |       |       |       |       |       |   136 ||   136
Invok: Slouch            |       |       |       |     3 |     5 |     6 ||    14
       Temporal Distorti |       |       |       |     1 |     1 |       ||     2
       Bend Time         |       |       |       |     3 |    22 |    13 ||    38
       Step From Time    |       |       |       |       |       |     1 ||     1
Evoke: Wand              |       |     5 |       |       |     1 |       ||     6
  Use: Potion            |       |     1 |     1 |     7 |       |     5 ||    14
       Scroll            |       |       |       |    14 |     7 |     8 ||    29
 Stab: Sleeping          |       |       |       |       |     2 |     1 ||     3
  Eat: Chunk             |     1 |    11 |    14 |    11 |    22 |    13 ||    72
       Pizza             |       |       |       |       |       |     1 ||     1
       Beef jerky        |       |       |       |       |       |     1 ||     1
